AoeStats
← HD_Daniel

Arena

505567180Analyzed
4v4 RM · 22d ago on Sep 10, 2026· 33m 0s· 8 players
Game mode
Random Map
Map size
Large (8 player)
Population
200
Speed
Normal
Resources
Standard
Victory
Conquest
Starting age
Dark Age
Ending age
Imperial Age
RankedLock teamsTeams togetherTeam positionsShared explorationLock speedFull tech treeHidden civsTurbo modeCheats
Victory
Defeat
🇲🇽 Khmer · Mexico
1410
+14
🇲🇽 Malay · Mexico
1390
+14
🇲🇽 Turks · Mexico
1360
+15
🇲🇽 Celts · Mexico
1343
+16
🇺🇸 Persians · United States
1385
-16
🇧🇷 Slavs · Brazil
1364
-15
🇦🇷 Bulgarians · Argentina
1350
-15
🇦🇷 Teutons · Argentina
1314
-13
The Goat
10:32 Feudal Age
9:16 Loom
14:31 Castle Age
12:36 Double-Bit Axe
13:07 Horse Collar
21:44 Fletching
22:23 Bodkin Arrow
22:53 Padded Archer Armor
26:27 Leather Archer Armor
28:06 Bow Saw
28:32 Wheelbarrow
28:58 Heavy Plow
29:37 Husbandry
30:58 Ballistics
32:34 Masonry
ila
10:28 Feudal Age
14:18 Castle Age
12:44 Double-Bit Axe
12:41 Horse Collar
15:14 Bow Saw
15:21 Heavy Plow
20:32 Gold Mining
20:55 Loom
22:12 Stone Mining
23:51 Wheelbarrow
24:13 Scale Barding Armor
25:36 Husbandry
25:59 Bloodlines
27:03 Chain Barding Armor
26:59 Hand Cart
26:55 Forging
28:23 Iron Casting
28:29 Gold Shaft Mining
29:33 Stone Shaft Mining
34:05 Imperial Age
ScrappyCoco
4:27 Loom
10:04 Feudal Age
14:23 Castle Age
12:23 Double-Bit Axe
14:35 Scale Barding Armor
14:40 Forging
23:33 Horse Collar
24:52 Chain Barding Armor
26:10 Bow Saw
27:35 Loom
28:26 Wheelbarrow
29:53 Heavy Plow
30:45 Iron Casting
30:38 Stone Mining
31:02 Gold Mining
TmZ_Mosquito Sedutor
10:04 Feudal Age
14:31 Castle Age
12:15 Horse Collar
13:03 Double-Bit Axe
16:11 Loom
28:41 Fletching
29:11 Town Watch
31:14 Bow Saw
Koatlistak
11:22 Feudal Age
11:12 Loom
14:36 Castle Age
12:36 Double-Bit Axe
13:00 Horse Collar
14:07 Town Watch
17:07 Forging
17:31 Fletching
23:01 Squires
29:29 Bodkin Arrow
32:34 Wheelbarrow
33:03 Bow Saw
32:56 Heavy Plow
chentever.twitch
9:57 Feudal Age
13:54 Castle Age
12:55 Double-Bit Axe
13:10 Horse Collar
14:20 Loom
24:35 Wheelbarrow
32:55 Imperial Age
32:06 Town Watch
33:18 Hand Cart
33:24 Scale Mail Armor
33:35 Forging
HD_Daniel
10:58 Feudal Age
13:39 Castle Age
11:42 Double-Bit Axe
11:40 Horse Collar
14:46 Bow Saw
17:57 Wheelbarrow
18:49 Town Watch
23:41 Loom
26:31 Imperial Age
24:43 Bloodlines
24:59 Husbandry
25:06 Scale Barding Armor
25:32 Gold Mining
26:11 Chain Barding Armor
27:16 Forging
27:48 Tusk Swords
29:19 Plate Barding Armor
29:41 Conscription
29:54 Elite Battle Elephant
GEN0S
11:56 Feudal Age
13:03 Double-Bit Axe
13:01 Horse Collar
15:44 Castle Age
20:47 Imperial Age
19:20 Bow Saw
19:11 Gold Mining
20:44 Heavy Plow
26:56 Loom
Connection lost

Rejoining the realm…

Still unreachable

The connection could not be restored.

Session expired

The server has moved on; the page needs a fresh start.